 Dungeon Crawl Stone Soup version 0.25.0-11-g1f837a76a1 (webtiles) character file.

Game seed: 7654533659283149940

2544 Delamore the Cleaver (level 9, -6/70 HPs)
             Began as a Formicid Fighter on June 24, 2020.
             Was a Priest of Okawaru.
             Mangled by a two-headed ogre
             ... wielding a cursed +0 giant club
              (22 damage)
             ... on level 8 of the Dungeon.
             The game lasted 00:07:36 (8527 turns).

Delamore the Cleaver (Formicid Fighter)             Turns: 8527, Time: 00:07:37

Health: -6/70      AC: 10    Str: 23    XL:     9   Next: 85%
Magic:  9/9        EV:  8    Int:  7    God:    Okawaru [***...]
Gold:   392        SH: 10    Dex: 10    Spells: 8/8 levels left

rFire    . . .     SeeInvis +   t - +2 hand axe (vamp)
rCold    . . .     Gourm    .   c - +1 kite shield
rNeg     . . .     Faith    .   b - +0 scale mail
rPois    .         Spirit   .   (helmet unavailable)
rElec    .         Reflect  .   x - +0 cloak
rCorr    .         Harm     .   (no gloves)
MR       .....                  (no boots)
Stlth    +.........             (no amulet)
HPRegen  0.21/turn              w - ring of stealth
MPRegen  0.11/turn              u - ring of see invisible

@: no status effects
A: permanent stasis, dig shafts and tunnels, four strong arms, antennae 3,
yellow scales 1, dopey 1, robust 1
a: Dig, Shaft Self, Heroism, Renounce Religion


You were on level 8 of the Dungeon.
You worshipped Okawaru.
Okawaru was most pleased with you.
You were not hungry.

You visited 2 branches of the dungeon, and saw 9 of its levels.

You collected 392 gold pieces.

Inventory:

Hand Weapons
 t - a +2 vampiric hand axe (weapon)
 C - a cursed +2 vorpal war axe
 F - a +4 battleaxe
Missiles
 D - 4 datura-tipped darts (quivered)
Armour
 b - a +0 scale mail (worn)
 c - a +1 kite shield (worn)
 x - a +0 cloak (worn)
 B - a +0 plate armour
Jewellery
 h - an uncursed ring of fire
 u - a ring of see invisible (right hand)
 w - a ring of stealth (left hand)
Wands
 v - a wand of acid (27)
 y - a wand of polymorph (5)
Scrolls
 e - a scroll of enchant armour
 g - a scroll of fear
 i - 2 scrolls of noise
 j - 2 scrolls of magic mapping
 k - 6 scrolls of remove curse
 l - a scroll of enchant weapon
 m - a scroll of teleportation
 r - 4 scrolls of immolation
 z - 2 scrolls of fog
 A - a scroll of vulnerability
Potions
 d - 2 potions of might
 n - a potion of berserk rage
 o - 4 potions of curing
 s - a potion of heal wounds
Comestibles
 a - 9 chunks of flesh
 f - 15 rations


   Skills:
 - Level 3.2 Fighting
 + Level 12.4 Axes
 - Level 3.2 Armour
 - Level 3.7 Shields


You had 8 spell levels left.
You didn't know any spells.
Your spell library was empty.

Dungeon Overview and Level Annotations

Branches:
Dungeon (8/15)             Temple (1/1) D:4
   Lair: D:8-11

Altars:
Ashenzari
Cheibriados
Dithmenos
Elyvilon
Fedhas
Gozag
Hepliaklqana
Kikubaaqudgha
Makhleb
Nemelex Xobeh
Okawaru
Qazlal
Ru
Sif Muna
Trog
Uskayaw
Vehumet
Wu Jian
Xom
Yredelemnul
Zin

Shops:
D:6 %


Innate Abilities, Weirdness & Mutations

You cannot be hasted, slowed, berserked, paralysed or teleported.
You can dig through walls and to a lower floor.
Your four strong arms can wield two-handed weapons with a shield.
You have a pair of large antennae on your head. (SInv)
You are partially covered in yellow scales. (AC +2)
You are dopey. (Int -2)
You are robust. (+10% HP)


Message History

The two-headed ogre is moderately wounded.
The two-headed ogre hits you with a cursed +0 giant club!!
The two-headed ogre hits you but does no damage.
You slash the two-headed ogre!
You feel better.
The two-headed ogre is heavily wounded.
You hit the two-headed ogre.
The two-headed ogre is heavily wounded.
You block the two-headed ogre's attack. The two-headed ogre closely misses you.
You barely miss the two-headed ogre.
The two-headed ogre is heavily wounded.
You hit the two-headed ogre.
You feel better.
The two-headed ogre is heavily wounded.
The two-headed ogre barely misses you.
The two-headed ogre hits you with a +0 giant club.
You hit the two-headed ogre.
You feel better.
The two-headed ogre is heavily wounded.
The two-headed ogre hits you with a cursed +0 giant club!!
* * * LOW HITPOINT WARNING * * *
The two-headed ogre hits you with a +0 giant club!!
You die...

.# .## ... ..### # ##
#.... #... .(.
#########.#######O######
................@.......
####....#....#..#.....##
####.......#.#..+.....#
.............##.#.......
#####........##.....####
#........##)########
#...................
#####.#####+###.........
.........รท....+.........


You could see a two-headed ogre.

Vanquished Creatures
  Eustachio (D:5)
  Edmund (D:6)
  An ice beast (D:6)
  A phantom (D:6)
  A necrophage (D:5)
  2 ogres
  A centaur (D:7)
  A bullfrog (D:8)
  A water moccasin zombie (D:7)
  6 scorpions
  4 wights (D:6)
  5 howler monkeys
  A crimson imp (D:5)
  A bullfrog zombie (D:5)
  A centaur zombie (D:7)
  5 quasits
  Crazy Yiuf (D:3)
  A hound (D:6)
  6 orc wizards
  4 orc priests
  2 bullfrog skeletons
  A jelly (D:6)
  An iguana (D:6)
  3 worker ants
  A worker ant zombie (D:6)
  4 gnolls (D:7)
  5 adders
  An ooze (D:2)
  An adder skeleton (D:7)
  4 worms (D:2)
  A dart slug (D:1)
  3 leopard geckos
  29 orcs
  13 bats
  6 giant cockroaches
  8 goblins
  6 hobgoblins
  4 jackals (D:7)
  5 kobolds
  A quokka (D:7)
  A frilled lizard (D:1)
  A giant cockroach zombie (D:6)
  A leopard gecko skeleton (D:6)
  A quokka skeleton (D:7)
  6 rats
154 creatures vanquished.

Vanquished Creatures (others)
  A human (D:5)
1 creature vanquished.

Grand Total: 155 creatures vanquished

Notes
Turn   | Place    | Note
-------+----------+-------------------------------------------
     0 | D:1      | Delamore the Formicid Fighter began the quest for the Orb.
     0 | D:1      | Reached XP level 1. HP: 18/18 MP: 1/1
    99 | D:1      | Reached XP level 2. HP: 21/24 MP: 2/2
   292 | D:1      | Reached skill level 3 in Axes
   486 | D:1      | Reached XP level 3. HP: 29/29 MP: 3/3
  1281 | D:2      | Reached skill level 4 in Axes
  1281 | D:2      | Reached XP level 4. HP: 31/35 MP: 4/4
  2199 | D:3      | Reached XP level 5. HP: 41/41 MP: 5/5
  2296 | D:3      | Reached skill level 5 in Axes
  2828 | D:3      | Found a runed translucent door.
  2829 | D:3      | Noticed Crazy Yiuf
  2840 | D:3      | Killed Crazy Yiuf
  3456 | D:4      | Found a sacrificial altar of Ru.
  3516 | D:4      | Found a staircase to the Ecumenical Temple.
  3524 | Temple   | Entered the Ecumenical Temple
  3645 | Temple   | Became a worshipper of Warmaster Okawaru
  3840 | D:4      | Reached XP level 6. HP: 36/47 MP: 6/6
  4048 | D:4      | Noticed an ogre
  4060 | D:4      | Killed an ogre
  4060 | D:4      | Reached skill level 6 in Axes
  4609 | D:5      | Entered Level 5 of the Dungeon
  4789 | D:5      | Reached XP level 7. HP: 52/52 MP: 7/7
  4829 | D:5      | Reached skill level 7 in Axes
  4920 | D:5      | Reached * piety under Okawaru
  5000 | D:5      | Reached skill level 8 in Axes
  5116 | D:5      | Found an ancient bone altar of Kikubaaqudgha.
  5231 | D:5      | Reached XP level 8. HP: 34/58 MP: 8/8
  5440 | D:5      | Noticed a human
  5442 | D:5      | Killed a human
  5478 | D:5      | Found a bloodstained altar of Trog.
  5548 | D:5      | Found a burning altar of Makhleb.
  5548 | D:5      | Found a radiant altar of Vehumet.
  5549 | D:5      | Found a shimmering blue altar of Sif Muna.
  5891 | D:6      | Noticed Edmund
  5920 | D:6      | Killed Edmund
  5920 | D:6      | Reached skill level 9 in Axes
  5973 | D:6      | Found Xukyhunk's Food Boutique.
  5984 | D:6      | Reached ** piety under Okawaru
  6543 | D:6      | Reached skill level 10 in Axes
  6790 | D:6      | Noticed Eustachio
  6814 | D:6      | Gained mutation: You are partially covered in yellow
                  | scales. (AC +2) [potion of mutation]
  6814 | D:6      | Gained mutation: You are dopey. (Int -2) [potion of
                  | mutation]
  6814 | D:6      | Gained mutation: You are robust. (+10% HP) [potion of
                  | mutation]
  6815 | D:6      | HP: 3/63 [river rat[Eustachio] (5)]
  6856 | D:5      | Killed Eustachio
  6856 | D:5      | Reached XP level 9. HP: 37/70 MP: 9/9
  7075 | D:6      | Reached skill level 11 in Axes
  7161 | D:6      | Found a stormy altar of Qazlal.
  7163 | D:6      | Found an ornate altar of the Wu Jian Council.
  7622 | D:7      | Reached *** piety under Okawaru
  7746 | D:7      | Found a snail-covered altar of Cheibriados.
  7969 | D:7      | Reached skill level 12 in Axes
  8517 | D:8      | Noticed a two-headed ogre
  8527 | D:8      | Mangled by a two-headed ogre

Illustrated notes

Levels and vault maps discovered:
D:1:      evilmike_arrival_hilbert_curve, layout_basic
D:2:      minmay_recursive_quarters, layout_basic, minivault_4,
          minmay_small_reverse_x
D:3:      layout_loops_corners, first_ration, uniq_crazy_yiuf_cottage
D:4:      layout_loops_corners, nicolae_ru_sacrificial_ziggurat,
          minmay_temple_entry_mist, hangedman_decor_slide_cut
D:5:      layout_basic, bloody_trog, gammafunk_temple_overflow_claw,
          serial_co_window_serial, co_window_corner_a, co_window_paths_a,
          co_window_paths_b, co_window_paths_a, co_window_of_opportunity_a,
          co_window_paths_a, co_window_paths_b, co_window_unsneaky_path_c,
          co_window_broadway_a, co_window_of_opportunity_c,
          co_window_unsneaky_path_e, co_window_corner_b, co_window_paths_c,
          co_window_corner_cb, tgw_kikubaaqudgha
D:6:      cheibrodos_quashed, layout_cave_pods,
          chequers_temple_overflow_statue_of_worship, serial_shops, shop,
          uniq_eustachio, uniq_edmund
D:7:      layout_cave_pools, basic_altar
D:8:      layout_basic, lemuel_doored_altar, the_bakery, uniq_psyche
Temple:   jpeg_temple_clearing

Skill      XL: |  1  2  3  4  5  6  7  8  9 |
---------------+----------------------------+-----
Axes           | 3 4 5 6 8 10 12 | 12.4
Fighting       | |  3.2
Armour         | |  3.2
Shields        | |  3.7

Action                   |  1- 3 |  4- 6 |  7- 9 || total
-------------------------+-------+-------+-------++-------
Melee: War axe           |    97 |    21 |       ||   118
       Hand axe          |       |   160 |   481 ||   641
Throw: Dart              |       |       |     1 ||     1
 Abil: Dig               |       |       |     1 ||     1
  Use: Potion            |       |       |     6 ||     6
       Scroll            |       |       |    12 ||    12
  Eat: Chunk             |     1 |     6 |    11 ||    18
       Ration            |       |     1 |     1 ||     2
Armor: Scale mail        |    74 |    47 |   198 ||   319
Dodge: Dodged            |    57 |    59 |   141 ||   257
Block: Kite shield       |    76 |    90 |   232 ||   398
